 Dungeon Crawl Stone Soup version 0.23.2-1-ga50397a (webtiles) character file.

Game seed: 398244427750354867

1015 Borgoz the Chopper (level 8, -6/69 HPs)
             Began as a Minotaur Gladiator on May 15, 2019.
             Was a Follower of Ashenzari.
             Mangled by a hornet (14 damage)
             ... while paralysed by a hornet
             ... on level 6 of the Dungeon.
             The game lasted 00:05:28 (3161 turns).

Borgoz the Chopper (Minotaur Gladiator)             Turns: 3161, Time: 00:05:29

Health: -6/69      AC:  8    Str: 18    XL:     8   Next: 1%
Magic:  7/7        EV:  2    Int:  5    God:    Ashenzari [*.....]
Gold:   262        SH:  0    Dex: 15    Spells: 7/7 levels left

rFire    . . .     SeeInvis .   l - +2 hand axe (elec)
rCold    . . .     Gourm    .   (no shield)
rNeg     . . .     Faith    .   x - +0 scale mail
rPois    .         Spirit   .   e - +1 hat
rElec    .         Reflect  .   (no cloak)
rCorr    .         Harm     .   (no gloves)
MR       .....                  (no boots)
Stlth    ..........             (no amulet)
HPRegen  0.21/turn              k - ring of wizardry
MPRegen  0.10/turn              (no ring)

@: confused, paralysed, lethally poisoned (-6 -> -29), marked, flying, slowed
A: retaliatory headbutt, horns 2
a: Curse Item, Scrying, Renounce Religion


You were on level 6 of the Dungeon.
You worshipped Ashenzari.
Ashenzari was aware of your devotion.
You were not hungry.

You visited 1 branch of the dungeon, and saw 6 of its levels.

You collected 262 gold pieces.

Inventory:

Hand Weapons
 a - a +0 war axe
 l - a +2 hand axe of electrocution (weapon)
Missiles
 d - 4 throwing nets (quivered)
Armour
 e - a +1 hat (worn)
 x - a +0 scale mail (worn)
Jewellery
 k - a ring of wizardry (left hand)
Wands
 g - a wand of iceblast (9)
 B - a wand of paralysis (7)
Scrolls
 h - a scroll of teleportation {unknown}
 j - 11 scrolls of identify {unknown}
 m - 2 scrolls of enchant armour {unknown}
 n - 2 scrolls of amnesia {unknown}
 p - 5 scrolls of blinking {unknown}
 r - 2 scrolls of magic mapping {unknown}
 v - a scroll of remove curse
 y - a scroll of immolation {unknown}
Potions
 i - 3 potions of flight
 o - a potion of magic {unknown}
 q - a potion of resistance {unknown}
 s - a potion of heal wounds {unknown}
 t - a potion of degeneration {unknown}
 u - a potion of curing {unknown}
 w - 2 potions of berserk rage {unknown}
 z - a potion of cancellation {unknown}
 A - a potion of brilliance {unknown}
Comestibles
 b - 8 chunks of flesh
 f - 15 rations


   Skills:
 + Level 5.4 Fighting
 * Level 7.9 Axes
 - Level 2.0 Throwing
 + Level 4.7 Armour
 + Level 5.6 Dodging


You had 7 spell levels left.
You didn't know any spells.
Your spell library contained the following spells:

 Spells                   Type           Power        Failure   Level  Hunger
 Animate Skeleton         Necr           N/A          52%         1    ##.....
 Pain                     Necr           #...         52%         1    ##.....
 Summon Small Mammal      Summ           #...         52%         1    ##.....
 Call Imp                 Summ           #.......     65%         2    ###....
 Call Canine Familiar     Summ           #.......     86%         3    ####...
 Regeneration             Chrm/Necr      #.........   86%         3    ####...
 Summon Guardian Golem    Hex/Summ       #.......     86%         3    ####...
 Vampiric Draining        Necr           #.........   86%         3    ####...
 Animate Dead             Necr           N/A          99%         4    #####..
 Summon Ice Beast         Ice/Summ       #.......     99%         4    #####..
 Summon Lightning Spire   Summ/Air       #.......     99%         4    #####..


Dungeon Overview and Level Annotations

Branches:
Dungeon (6/15)
 Temple: D:4-7

Altars:
Ashenzari
Dithmenos
Elyvilon
Nemelex Xobeh
Xom


Innate Abilities, Weirdness & Mutations

You reflexively headbutt those who attack you in melee.
You have a pair of horns on your head.


Message History

The hornet stings you but does no damage.
The hornet barely misses you.
The orc wizard hits you with a +0 dagger.
* * * LOW HITPOINT WARNING * * *
Okay, then.
It was a potion of flight.
You feel very buoyant.
You fly up into the air.
You feel sick. The hornet stings you!
* * * LOW HITPOINT WARNING * * *
You are lethally poisoned!
You suddenly lose the ability to move!
The bullfrog hits you.
* * * LOW HITPOINT WARNING * * *
The orc wizard hits you but does no damage.
The hornet stings you.
* * * LOW HITPOINT WARNING * * *
You feel as though you will be slow longer.
The bullfrog hits you but does no damage.
The orc wizard casts a spell at you. You resist with some effort.
The hornet stings you!
You die...

######## #......#
####### #### ...$..#
.......
#..##......###.......
#...# #..F.#oo.....
##..######.#@ooo.....
#..#......y########.
#........#S...#
######.......####.#
.....#.......## #
......#.......##
.......<........#
..................
..............#...


You could see a hornet, a bullfrog, an orc wizard, an adder and 4 orcs.

Vanquished Creatures
  Grinder (D:4)
  An ogre (D:4)
  A centaur (D:5)
  2 howler monkeys
  A crimson imp (D:5)
  A jelly (D:6)
  3 hounds (D:4)
  A bullfrog skeleton (D:6)
  An iguana (D:5)
  2 orc wizards
  5 worker ants
  A howler monkey skeleton (D:6)
  6 adders
  2 shadow imps
  An ooze (D:4)
  2 worms
  2 dart slugs (D:1)
  3 leopard geckos
  10 orcs
  7 bats
  4 giant cockroaches
  5 goblins
  5 hobgoblins
  16 jackals
  3 quokkas
  2 ball pythons
  A frilled lizard (D:3)
  A giant cockroach zombie (D:6)
  9 kobolds
  A leopard gecko skeleton (D:5)
  9 rats
109 creatures vanquished.

Notes
Turn   | Place    | Note
-------+----------+-------------------------------------------
     0 | D:1      | Borgoz the Minotaur Gladiator began the quest for the Orb.
     0 | D:1      | Reached XP level 1. HP: 18/18 MP: 0/0
     6 | D:1      | Noticed a polar bear
     6 | D:1      | Noticed a five-headed hydra
     7 | D:1      | Noticed an anaconda
   141 | D:1      | Reached XP level 2. HP: 18/25 MP: 1/1
   146 | D:1      | Reached skill level 4 in Axes
   458 | D:1      | Reached skill level 1 in Armour
   631 | D:1      | Found a shattered altar of Ashenzari.
   680 | D:1      | Became a worshipper of Ashenzari the Shackled
   771 | D:1      | Reached XP level 3. HP: 29/30 MP: 2/2
   995 | D:2      | Found a white marble altar of Elyvilon.
  1054 | D:2      | Reached XP level 4. HP: 31/38 MP: 3/3
  1068 | D:2      | Reached skill level 5 in Axes
  1857 | D:4      | Reached XP level 5. HP: 42/45 MP: 4/4
  1941 | D:4      | Noticed Grinder
  1959 | D:4      | Killed Grinder
  1959 | D:4      | Reached skill level 6 in Axes
  1959 | D:4      | Reached XP level 6. HP: 29/53 MP: 5/5
  2334 | D:4      | Found a shadowy altar of Dithmenos.
  2393 | D:4      | Reached XP level 7. HP: 60/60 MP: 6/6
  2573 | D:4      | Reached skill level 7 in Axes
  2573 | D:4      | Reached skill level 5 in Dodging
  2645 | D:5      | Entered Level 5 of the Dungeon
  2713 | D:5      | Reached * piety under Ashenzari
  2736 | D:5      | Found a sparkling altar of Nemelex Xobeh.
  2811 | D:5      | Reached skill level 5 in Fighting
  3049 | D:5      | Found a shattered altar of Ashenzari.
  3050 | D:5      | Found a shimmering altar of Xom.
  3150 | D:6      | Noticed a hornet
  3157 | D:6      | Reached XP level 8. HP: 39/69 MP: 7/7
  3161 | D:6      | Paralysed by a hornet for 1 turns
  3161 | D:6      | Mangled by a hornet

Skill      XL: |  1  2  3  4  5  6  7 |
---------------+----------------------+-----
Axes           | 4 5 6 7 |  7.9
Armour         | 1 2 3 4 |  4.7
Fighting       | 3 4 5 |  5.4
Dodging        | 4 5 |  5.6
Throwing       | |  2.0

Action                   |  1- 3 |  4- 6 |  7- 9 || total
-------------------------+-------+-------+-------++-------
Melee: War axe           |    10 |       |       ||    10
       Headbutt          |     5 |     9 |    23 ||    37
       Hand axe          |    43 |    87 |    72 ||   202
  Use: Potion            |       |       |     2 ||     2
  Eat: Chunk             |       |     5 |     2 ||     7
Armor: Leather armour    |    12 |     5 |       ||    17
       Ring mail         |       |    21 |       ||    21
       Scale mail        |       |     2 |    15 ||    17
Dodge: Dodged            |    46 |    48 |    36 ||   130
